 Dungeon Crawl Stone Soup version 0.29.1-15-g9cfb28693d (webtiles) character file.

Game seed: 14501958335329661472

51 zeram the Shield-Bearer (level 3, -1/23 HPs)
             Began as a Gargoyle Fighter on Mar 5, 2023.
             Slain by a goblin
             ... wielding a +0 club
             ... led by Robin
              (3 damage)
             ... on level 2 of the Dungeon.
             The game lasted 00:01:41 (1744 turns).

zeram the Shield-Bearer (Gargoyle Fighter)          Turns: 1744, Time: 00:01:42

Health: -1/23      AC: 13    Str: 21    XL:     3   Next: 83%
Magic:  3/3        EV:  9    Int:  8    God:
Gold:   56         SH:  4    Dex:  9    Spells: 2/2 levels left

rFire   . . .      SeeInvis .   a - +1 flail
rCold   . . .      Faith    .   c - +0 buckler
rNeg    + . .      Spirit   .   b - +0 scale mail
rPois   ∞          Reflect  .   (no helmet)
rElec   +          Harm     .   h - +2 cloak
rCorr   .          Rampage  .   (no gloves)
Will    .....                   (no boots)
Stlth   ..........              (no amulet)
HPRegen 0.07/turn               (no ring)
MPRegen 0.08/turn               (no ring)

@: no status effects
A: sickness immunity, AC +3, negative energy resistance 1, electricity
resistance, torment resistance 1, petrification resistance
a: no special abilities


You were on level 2 of the Dungeon.
You visited 1 branch of the dungeon, and saw 2 of its levels.

You collected 56 gold pieces.

Inventory:

Hand Weapons
 a - a +1 flail (weapon)
Armour
 b - a +0 scale mail (worn)
 c - a +0 buckler (worn)
 h - a +2 cloak (worn)
Jewellery
 j - an amulet of faith
Scrolls
 e - 2 scrolls of poison {unknown}
 f - a scroll of noise {unknown}
 g - a scroll of silence {unknown}
Potions
 d - a potion of cancellation {unknown}
 i - a potion of heal wounds
 k - a potion of resistance {unknown}


   Skills:
 - Level 3.4 Fighting
 + Level 2.9 Maces & Flails
 + Level 3.7 Armour
 + Level 0.3 Dodging
 + Level 3.8 Shields


You had 2 spell levels left.
You didn't know any spells.
Your spell library contained the following spells:

 Spells                   Type           Power      Damage    Failure   Level
 Slow                     Hex            0%         N/A       83%         1
 Confusing Touch          Hex            0%         N/A       99%         3
 Vampiric Draining        Necr           0%         2d6       99%         3


Dungeon Overview and Level Annotations

Branches:
Dungeon (2/15)

Altars:

Shops:
D:2 (

Annotations:
D:2 Robin


Innate Abilities, Weirdness & Mutations

You are immune to sickness and miasma.
Your stone body is resilient. (AC +3)
You are immune to poison.
You resist negative energy. (rN+)
You are resistant to electric shocks. (rElec)
You are resistant to unholy torment.
You are immune to petrification.


Message History

The goblin hits you but does no damage. x2; The adder bites you.
Robin roars a battlecry!
The goblin goes into a battle-frenzy!
The goblin hits you but does no damage. x2; The goblin barely misses you.
You block the goblin's attack.
Okay, then.
You barely miss the goblin. The adder bites you but does no damage.
The goblin hits you but does no damage. The goblin barely misses you.
The goblin hits you with a +0 club. The goblin barely misses you.
Unknown command.
You barely miss the goblin. The adder closely misses you. x2
You block the goblin's attack.
The goblin hits you but does no damage. x2
The goblin barely misses you.
A worm comes into view.
Unknown command.
You barely miss the goblin. The adder closely misses you.
The goblin closely misses you. You block the goblin's attack.
The goblin hits you but does no damage. The goblin closely misses you.
The adder bites you but does no damage.
Unknown command.
You thump the goblin!
You kill the goblin!
The goblin no longer looks unusually strong. x2
Robin throws the goblin at you! The goblin hits you with a +0 club. x2
You block the goblin's attack. x2; The adder bites you but does no damage.
The goblin hits you but does no damage. The goblin barely misses you.
The goblin hits you but does no damage. The goblin hits you with a +0 club.
You closely miss the goblin.
The goblin no longer looks unusually strong.
The adder bites you.
* * * LOW HITPOINT WARNING * * *
The adder bites you but does no damage. You block the goblin's attack.
The goblin hits you but does no damage. The goblin hits you with a +0 club.
* * * LOW HITPOINT WARNING * * *
The goblin hits you but does no damage.
You sock the goblin!
You kill the goblin!
The goblin no longer looks unusually strong.
The adder barely misses you. The goblin hits you with a +0 club.
You die...

#.####..... #.........
#......... ####
##........# ....
.........w# ####
#......gg## #
#.....ggS.##.###
#....gg@#......# .. .
####.###)g##.#.# .#.#
#.#.g###.#.# ##.#. #.#.#
...# #... #.#.# #.)#
#.>#.# #.#.# #†.# #..#.#
########.#.####..####..#..
#......[.................#
#.#####.##....#.#####..#.#


You could see a worm, Robin, an adder, 2 hobgoblins and 5 goblins.

Vanquished Creatures
  Terence (D:2)
  A worm (D:2)
  A bat (D:2)
  2 endoplasms
  2 giant cockroaches (D:1)
  4 goblins
  A hobgoblin (D:2)
  4 jackals (D:2)
  A kobold (D:2)
  3 ball pythons
  A frilled lizard (D:2)
  A rat (D:1)
22 creatures vanquished.

Notes
Turn   | Place    | Note
-------+----------+-------------------------------------------
     0 | D:1      | zeram the Gargoyle Fighter began the quest for the Orb.
     0 | D:1      | Reached XP level 1. HP: 14/14 MP: 1/1
   395 | D:1      | Found a faded altar of an unknown god.
   410 | D:1      | Reached XP level 2. HP: 19/19 MP: 2/2
  1315 | D:2      | Noticed Terence
  1329 | D:2      | Killed Terence
  1330 | D:2      | Reached XP level 3. HP: 14/23 MP: 3/3
  1577 | D:2      | Found Ileffepn's Antique Weapon Boutique.
  1730 | D:2      | Noticed Robin
  1744 | D:2      | Slain by a goblin

Illustrated notes

Levels and vault maps discovered:
D:1:      zaba_arrival_water, layout_loops_ring, serial_co_window_serial,
          co_window_paths_b, co_window_paths_b, co_window_paths_a,
          co_window_corner_a, co_window_paths_a, co_window_2corner,
          co_window_corner_b, co_window_paths_c, glass_columns_a,
          glass_columns_c, glass_columns_c,
          hellmonk_ecumenical_altar_arch_garden
D:2:      layout_loops_ring, serial_shops, shop, uniq_robin, uniq_terence

Action                   || total
-------------------------++-------
Melee: Flail             ||    96
  Use: Scroll            ||     5
       Potion            ||     1
Armor: Scale mail        ||    92
Dodge: Dodged            ||    86
Block: Buckler           ||    33
